AoeStats
← Kloye

QS Arena

503546357Analyzed
4v4 RM · 1mo ago on Sep 1, 2026· 36m 41s· 8 players
Game mode
Random Map
Map size
Large (8 player)
Population
200
Speed
Normal
Resources
Standard
Victory
Conquest
Starting age
Dark Age
Ending age
Imperial Age
RankedLock teamsTeams togetherTeam positionsShared explorationLock speedFull tech treeHidden civsTurbo modeCheats
Victory
Defeat
🇺🇸 Armenians · United States
1145
+12
🇺🇸 Cumans · United States
1144
+12
🇺🇸 Hindustanis · United States
1129
+13
🇬🇷 Bulgarians · Greece
1116
+14
🇺🇸 Mapuche · United States
1135
-16
🇺🇸 Spanish · United States
1103
-15
🇺🇸 Bohemians · United States
1046
-12
🇺🇸 Japanese · United States
982
-9
El Fantasma de Pancho Villa
10:14 Feudal Age
10:50 Man-at-Arms
12:44 Scale Mail Armor
16:16 Double-Bit Axe
20:41 Wheelbarrow
20:34 Horse Collar
24:57 Castle Age
24:33 Stone Mining
24:34 Gold Mining
26:59 Fletching
27:24 Chain Mail Armor
27:20 Forging
26:44 Pikeman
27:53 Crossbowman
28:58 Thumb Ring
29:23 Bodkin Arrow
29:29 Padded Archer Armor
30:49 Hand Cart
32:00 Ballistics
32:12 Leather Archer Armor
32:33 Iron Casting
35:17 Heavy Plow
MrDuffyMcDuff
8:44 Feudal Age
13:15 Castle Age
11:23 Double-Bit Axe
11:50 Horse Collar
14:15 Bow Saw
14:09 Heavy Plow
14:18 Stone Mining
14:23 Gold Mining
17:39 Wheelbarrow
16:50 Loom
20:29 Gold Shaft Mining
21:12 Hand Cart
27:31 Imperial Age
26:31 Squires
25:52 Pikeman
26:54 Forging
26:45 Scale Mail Armor
27:21 Masonry
27:06 Guard Tower
27:58 Iron Casting
28:11 Chain Mail Armor
27:23 Halberdier
29:37 Plate Mail Armor
30:08 Blast Furnace
30:19 Conscription
30:36 Padded Archer Armor
30:30 Fletching
31:39 Leather Archer Armor
31:22 Bodkin Arrow
32:11 Coinage
31:55 Bracer
31:28 Elite Composite Bowman
32:41 Fereters
33:17 Ballistics
34:00 Chemistry
33:40 Ring Archer Armor
33:50 Gambesons
33:25 Man-at-Arms
hurlmore
2:34 Loom
8:20 Feudal Age
12:31 Castle Age
11:04 Horse Collar
11:15 Double-Bit Axe
13:04 Forging
12:59 Scale Barding Armor
16:36 Bow Saw
19:08 Heavy Plow
20:59 Iron Casting
20:29 Scale Barding Armor
21:21 Gold Mining
21:06 Light Cavalry
21:44 Town Watch
22:38 Wheelbarrow
22:42 Bloodlines
22:42 Scale Barding Armor
23:07 Husbandry
23:51 Gold Shaft Mining
24:19 Chain Barding Armor
28:16 Hand Cart
28:01 Town Patrol
31:22 Imperial Age
31:31 Stone Mining
31:55 Masonry
31:25 Heavy Camel Rider
33:08 Chemistry
32:16 Siege Engineers
32:44 Conscription
32:26 Grand Trunk Road
33:32 Blast Furnace
33:07 Plate Barding Armor
34:04 Two-Man Saw
33:42 Plate Barding Armor
35:36 Hoardings
34:43 Imperial Camel Rider
36:21 Hussar
M@nte
7:57 Feudal Age
8:52 Double-Bit Axe
11:41 Loom
14:24 Castle Age
13:42 Stone Mining
13:48 Gold Mining
13:47 Horse Collar
16:51 Heavy Plow
17:45 Bow Saw
19:33 Fletching
20:53 Town Watch
25:38 Forging
29:52 Imperial Age
27:43 Bodkin Arrow
27:49 Padded Archer Armor
28:43 Gold Shaft Mining
28:45 Wheelbarrow
28:51 Leather Archer Armor
29:00 Ballistics
28:52 Masonry
30:03 Bloodlines
29:54 Husbandry
30:57 Conscription
30:44 Thumb Ring
31:14 Bracer
31:42 Parthian Tactics
32:03 Hand Cart
33:09 Siege Engineers
34:05 Chemistry
33:14 Arson
33:29 Squires
33:29 Stirrups
33:59 Town Patrol
34:51 Heavy Cavalry Archer
35:51 Gambesons
35:36 Light Cavalry
36:18 Bagains
LilCreamBoi
0:58 Loom
9:54 Feudal Age
14:32 Castle Age
13:05 Double-Bit Axe
13:05 Horse Collar
33:29 Wheelbarrow
33:37 Wheelbarrow
35:30 Chemistry
35:16 Hand Cart
HazEy1
10:01 Feudal Age
10:38 Double-Bit Axe
10:35 Horse Collar
11:54 Loom
14:53 Castle Age
12:49 Gold Mining
15:55 Bow Saw
15:47 Heavy Plow
16:52 Fletching
19:44 Wheelbarrow
21:19 Forging
22:05 Sanctity
21:56 Fervor
22:25 Gold Shaft Mining
23:18 Iron Casting
23:35 Scale Mail Armor
24:09 Stone Mining
32:13 Imperial Age
30:28 Pikeman
31:15 Scale Mail Armor
32:11 Bodkin Arrow
32:17 Padded Archer Armor
32:04 Elite Skirmisher
33:48 Conscription
34:09 Crop Rotation
33:01 Halberdier
35:17 Chain Mail Armor
35:08 Malon
Kloye
8:08 Feudal Age
8:35 Feudal Age
9:48 Double-Bit Axe
15:02 Wheelbarrow
15:10 Horse Collar
18:04 Castle Age
18:27 Pikeman
19:17 Stone Mining
20:34 Bow Saw
20:36 Squires
20:45 Loom
22:46 Hand Cart
22:36 Gold Mining
24:01 Heavy Plow
25:13 Forging
28:19 Gold Shaft Mining
30:24 Guard Tower
31:12 Ballistics
30:25 Elite Skirmisher
32:21 Iron Casting
31:48 Scale Mail Armor
31:38 Fletching
34:41 Imperial Age
35:04 Halberdier
DanTheMan
0:54 Loom
9:00 Feudal Age
13:21 Castle Age
11:59 Double-Bit Axe
13:14 Padded Archer Armor
15:11 Stone Mining
16:12 Gold Mining
17:17 Bloodlines
22:37 Husbandry
23:02 Leather Archer Armor
22:55 Horse Collar
25:09 Stone Shaft Mining
26:12 Wheelbarrow
28:09 Bow Saw
27:36 Light Cavalry
32:50 Imperial Age
30:29 Heavy Plow
33:22 Hand Cart
32:53 Town Watch
33:19 Hussar
35:24 Conscription
Connection lost

Rejoining the realm…

Still unreachable

The connection could not be restored.

Session expired

The server has moved on; the page needs a fresh start.